 Dungeon Crawl Stone Soup version 0.21.1-1-g345015fe64 (webtiles) character file.

231 Lentor the Slasher (level 5, -1/69 HPs)
             Began as a Draconian Berserker on June 8, 2018.
             Was a Believer of Trog.
             Slain by a hound (4 damage)
             ... on level 3 of the Dungeon.
             The game lasted 00:05:39 (2612 turns).

Lentor the Slasher (Draconian Berserker)            Turns: 2612, Time: 00:05:40

Health: -1/69      AC:  6    Str: 25    XL:     5   Next: 72%
Magic:  5/5        EV: 10    Int:  7    God:    Trog [**....]
Gold:   185        SH:  8    Dex: 11    Spells: 4/4 levels left

rFire    . . .     SeeInvis .   a - +0 falchion
rCold    . . .     Gourm    .   v - +0 shield
rNeg     . . .     Faith    .   (armour unavailable)
rPois    .         Spirit   .   (helmet restricted)
rElec    .         Reflect  .   o - +0 cloak
rCorr    .         Harm     .   (no gloves)
MR       .....                  (no boots)
Stlth    ..........             (no amulet)
HPRegen  0.21/turn              (no ring)
MPRegen  0.09/turn              (no ring)

@: berserking, lethally poisoned (-1 -> -2), very quick
A: unfitting armour, cold-blooded, AC +5
a: Berserk, Trog's Hand, Burn Spellbooks, Renounce Religion


You were on level 3 of the Dungeon.
You worshipped Trog.
Trog was pleased with you.
You were not hungry.

You visited 1 branch of the dungeon, and saw 4 of its levels.

You collected 185 gold pieces.

Inventory:

Hand Weapons
 a - a +0 falchion (weapon)
 j - a +0 hunting sling
Missiles
 w - 17 sling bullets
Armour
 o - a +0 cloak (worn)
 v - a +0 shield (worn)
Jewellery
 r - a +3 ring of strength {unknown}
Scrolls
 c - 2 scrolls of blinking {unknown}
 e - a scroll of enchant weapon {unknown}
 i - 2 scrolls of identify {unknown}
 k - 2 scrolls of magic mapping {unknown}
 n - 3 scrolls of teleportation {unknown}
 q - 2 scrolls of remove curse {unknown}
 s - 2 scrolls of fear {unknown}
Potions
 d - a potion of curing {unknown}
 f - a potion of agility {unknown}
 g - a potion of brilliance {unknown}
 h - a potion of might {unknown}
 m - a potion of magic {unknown}
 p - a potion of ambrosia {unknown}
 t - a potion of mutation {unknown}
 u - a potion of resistance {unknown}
 x - a potion of flight {unknown}
Comestibles
 b - 7 rations


   Skills:
 + Level 4.2 Fighting
 * Level 4.4 Long Blades
 + Level 1.2 Slings
 + Level 3.5 Dodging
 + Level 1.8 Stealth
 + Level 1.0 Shields


You had 4 spell levels left.
You didn't know any spells.

Dungeon Overview and Level Annotations

Branches:
Dungeon (4/15)
 Temple: D:4-7

Altars:
Gozag


Innate Abilities, Weirdness & Mutations

Your plain brown scales are hard. (AC +5)
You cannot fit into any form of body armour.
You are cold-blooded and may be slowed by cold attacks.


Message History

The hound is moderately wounded.
You feel sick. You block the hound's attack.
You hit the hound.
Your tail-slap misses the hound.
The hound is heavily wounded.
The hound bites you.
* * * LOW HITPOINT WARNING * * *
You block the hound's attack.
You hit the hound.
The hound is severely wounded.
You feel sick. The hound bites you.
* * * LOW HITPOINT WARNING * * *
The hound bites you.
* * * LOW HITPOINT WARNING * * *
A red film seems to cover your vision as you go berserk!
You feel yourself moving faster!
You feel mighty!
You feel a lot more hungry. You block the hound's attack.
You closely miss the hound. You tail-slap the hound.
The hound is almost dead.
You feel sick. The hound bites you.
You die...

#.##...........
#########......รท#......
#.......#......)#.##.## ###
#.......#.......#....#.
######.####.#####.#[##.....#..###
#(...................###..#.####
#.####.####.#.#.............##.##
#.###### #.##(##h..........#.#..
..<.# #.....@[#.........#.##.
#.#.# ####.##)##.#......#.###
..#.# ########.##.##....##..##.##
.##.# #........##.###...##.....##
....# #......<.##.###.#.########.
.#### #........##....###......#.#
.# #........####.## ##....#..# .#
#.......## ##.###......... .##
##.......# #..#.####....#


You could see a hound.

Vanquished Creatures
  A phantom (D:4)
  A crimson imp (D:4)
  5 adders
  An ooze (D:1)
  A leopard gecko (D:3)
  4 orcs (D:3)
  10 bats
  4 giant cockroaches
  6 goblins
  4 hobgoblins
  3 jackals (D:2)
  9 kobolds
  2 quokkas
  2 frilled lizards
  4 rats
57 creatures vanquished.

Notes
Turn   | Place    | Note
-------+----------+-------------------------------------------
     0 | D:1      | Lentor the Draconian Berserker began the quest for the Orb.
     0 | D:1      | Reached XP level 1. HP: 19/19 MP: 1/1
   164 | D:1      | Reached XP level 2. HP: 26/26 MP: 2/2
   708 | D:2      | Reached XP level 3. HP: 33/33 MP: 3/3
   783 | D:2      | Reached ** piety under Trog
   993 | D:2      | Reached skill level 1 in Stealth
  1552 | D:2      | Reached XP level 4. HP: 36/40 MP: 4/4
  2119 | D:3      | Found an opulent altar of Gozag.
  2217 | D:3      | Found a faded altar of an unknown god.
  2434 | D:4      | Noticed a phantom
  2467 | D:4      | Killed a phantom
  2467 | D:4      | Reached skill level 1 in Slings
  2467 | D:4      | Reached XP level 5. HP: 39/46 MP: 5/5
  2469 | D:4      | Reached skill level 1 in Shields
  2590 | D:4      | Noticed an ogre
  2612 | D:3      | HP: 3/69 [poisoned by a scorpion]
  2612 | D:3      | Slain by a hound

Skill      XL: |  1  2  3  4  5 |
---------------+----------------+-----
Dodging        | 3 |  3.5
Stealth        | 1 |  1.8
Long Blades    | 4 |  4.4
Fighting       | 4 |  4.2
Slings         | 1 |  1.2
Shields        | 1 |  1.0

Action                   |  1- 3 |  4- 6 || total
-------------------------+-------+-------++-------
Melee: Falchion          |    66 |    72 ||   138
       Tailslap          |     4 |    11 ||    15
 Fire: Hunting sling     |    37 |       ||    37
Invok: Berserk           |       |     2 ||     2
 Stab: Sleeping          |     1 |       ||     1
  Eat: Chunk             |     2 |     2 ||     4
       Ration            |       |     1 ||     1
Armor: Skin              |    34 |    20 ||    54
Dodge: Dodged            |    62 |    45 ||   107
Block: Shield            |       |    24 ||    24
       Rpst.: Falchion   |    16 |    17 ||    33
